 Dungeon Crawl Stone Soup version 0.30-a0-1016-gfb0d676c02 (webtiles) character file.

Game seed: 11346307588024579739

506 BillyBaka the Ducker (level 7, 0/49 HPs)
             Began as a Djinni Hedge Wizard on Apr 6, 2023.
             Was a Follower of Okawaru.
             Slain by a water moccasin (5 damage)
             ... on level 5 of the Dungeon.
             The game lasted 00:33:18 (4529 turns).

BillyBaka the Ducker (Djinni Hedge Wizard)          Turns: 4529, Time: 00:33:18

Health: 0/49       AC:  2    Str:  9    XL:     7   Next: 41%
Gold:   166        EV: 18    Int: 17    God:    Okawaru [*.....] SH:  0 Dex: 13

rFire   + + .      SeeInvis .    r - +1 spear (venom)
rCold   x . .      Faith    .    (no shield)
rNeg    . . .      Spirit   .    b - +0 robe
rPois   ∞          Reflect  .    c - +0 hat
rElec   .          Rampage  .    (no cloak)
rCorr   .                        (no gloves)
Will    +....                    (boots unavailable)
Stlth   ++                       (no amulet)
HPRegen 0.28/turn                f - ring of willpower
MPRegen 0.00/turn                n - +5 ring of evasion

@: flying
A: sickness immunity, fire resistance 2, cold vulnerability 1, float, innate
caster, HP casting, extra vitality 1
a: Renounce Religion, Heroism


You were on level 5 of the Dungeon.
You worshipped Okawaru.
Okawaru was aware of your devotion.
You visited 2 branches of the dungeon, and saw 6 of its levels.

You collected 271 gold pieces.
You spent 105 gold pieces at shops.

Inventory:

Hand Weapons
 r - a +1 spear of venom (weapon)
Armour
 b - a +0 robe (worn)
 c - a +0 hat (worn)
Jewellery
 f - a ring of willpower (left hand)
 n - a +5 ring of evasion (right hand)
 t - a +6 ring of dexterity
 v - a ring of wizardry
Scrolls
 j - 3 scrolls of identify {unknown}
 k - 3 scrolls of amnesia {unknown}
 l - a scroll of brand weapon {unknown}
 m - 2 scrolls of teleportation {unknown}
 p - a scroll of magic mapping {unknown}
 q - a scroll of poison {unknown}
 u - a scroll of blinking {unknown}
Potions
 a - 3 potions of brilliance {unknown}
 d - 4 potions of curing
 e - 2 potions of attraction {unknown}
 g - a potion of haste {unknown}
 h - 3 potions of degeneration {unknown}
 i - a potion of cancellation {unknown}
 o - a potion of resistance {unknown}
 s - a potion of invisibility {unknown}


   Skills:
 + Level 2.9 Fighting
 + Level 4.3 Dodging
 + Level 3.5 Stealth
 * Level 4.1 Spellcasting
 + Level 0.0 Invocations


You knew the following spells:

 Your Spells              Type           Power      Damage    Failure   Level
a - Magic Dart            Conj           68%        1d6       3%          1
b - Slow                  Hex            68%        N/A       3%          1
c - Blink                 Tloc           34%        N/A       4%          2
d - Call Imp              Summ           17%        N/A       4%          2
e - Mephitic Cloud        Conj/Pois/Air  17%        N/A       9%          3
f - Freeze                Ice            68%        1d8       3%          1
g - Searing Ray           Conj           34%        2d5       4%          2
h - Wereblood             Tmut           17%        N/A       4%          2
Your spell library was empty.

Dungeon Overview and Level Annotations

Branches:
Dungeon (5/15)             Temple (1/1) D:4

Altars:
Dithmenos
Elyvilon
Fedhas
Nemelex Xobeh
Okawaru
Qazlal
Xom
The Shining One

Shops:
D:3 *   D:5 [


Innate Abilities, Weirdness & Mutations

You are immune to sickness and miasma.
You are immune to poison.
Your flesh is very heat resistant. (rF++)
You are vulnerable to cold. (rC-)
You float through the air rather than walking.
You learn spells naturally, not from books.
Your magical power is your life essence.
You have superior vitality. (+4 MHP)


Message History

Aiming: Mephitic Cloud (dangerous; 9% risk of failure)
Press: ? - help, Shift-Dir - straight line, f - ogre, p - water moccasin
Aim: an ogre, wielding a +0 giant club (noxious fumes, chance to affect: 77%)
The ball explodes into a vile cloud!
The stinking cloud engulfs the ogre but does no damage.
The stinking cloud engulfs the water moccasin but does no damage.
The water moccasin is moderately wounded.
The stinking cloud engulfs you but does no damage.
You hear an angry hiss.
The water moccasin closely misses you. The water moccasin bites you.
The ogre is engulfed in noxious fumes.
The ogre closely misses you.
Casting: Mephitic Cloud (dangerous; 9% risk of failure)
Confirm with . or Enter, or press ? or * to list all spells.
Aiming: Searing Ray (safe; 4% risk of failure)
Press: ? - help, Shift-Dir - straight line, f - water moccasin, p - ogre
Aim: a water moccasin (moderately wounded, 63% to hit)
The searing ray hits the water moccasin.
The water moccasin is moderately wounded. (Press . to maintain the ray.)
The water moccasin closely misses you.
The searing ray hits the water moccasin!
The water moccasin is heavily wounded.
The water moccasin bites you! The ogre hits you with a +0 giant club!
* * * LOW HITPOINT WARNING * * *
It was a potion of curing.
You feel better. The water moccasin barely misses you.
The water moccasin bites you.
* * * LOW HITPOINT WARNING * * *
The ogre closely misses you. The quokka misses you.
Your magical contamination has completely faded away.
The quokka attacks as you move away! The quokka closely misses you.
The water moccasin attacks as you move away!
The water moccasin misses you.
The water moccasin completely misses you.
An adder comes into view.
Found a scroll labelled QYMENE WEPPACK.
The adder hisses angrily.
The adder moves out of view.
The water moccasin attacks as you move away!
The water moccasin bites you.
You die...

#.........# #..
#......... #.. #........?
.. #...#......... ..#
....#....... ...
.......... #
#.#.##.....############
..#..........'..........#
......####@..##########.#
#.##...#.S[..# #.#
#.....r.O#.#.#
##.####.###
.............#
#..........
####..<##.####
#..####.##. ...... ....
#.##. ########.### #.##.
#.. ..##.
##################.


You could see a water moccasin, an ogre and a quokka.

Vanquished Creatures
  A scorpion (D:4)
  Blork the orc (D:5)
  A hound (D:4)
  An orc priest (D:4)
  3 sleepcaps (D:4)
  An orc wizard (D:4)
  3 gnolls (D:3)
  3 adders
  An ufetubus (D:5)
  A worm (D:2)
  5 dart slugs
  6 orcs
  3 endoplasms
  2 giant cockroaches
  10 goblins
  9 hobgoblins
  A jackal (D:2)
  4 kobolds
  4 quokkas
  7 ball pythons
  6 bats
  4 frilled lizards
  7 rats
84 creatures vanquished.

Vanquished Creatures (collateral kills)
  4 gnolls (D:2)
  An adder (D:3)
  A worm (D:3)
  2 endoplasms
  A goblin (D:2)
  A hobgoblin (D:2)
10 creatures vanquished.

Grand Total: 94 creatures vanquished

Notes
Turn   | Place    | Note
-------+----------+-------------------------------------------
     0 | D:1      | BillyBaka the Djinni Hedge Wizard began the quest for the
                  | Orb.
     0 | D:1      | BillyBaka set off with the following spells memorised:
                  | Magic Dart, Slow, Blink, Call Imp, Mephitic Cloud.
     0 | D:1      | Reached XP level 1. HP: 15/15 MP: 0/0
   109 | D:1      | Reached XP level 2. HP: 19/21 MP: 0/0
   321 | D:1      | Reached XP level 3. HP: 23/26 MP: 0/0
   321 | D:1      | Learned a level 1 spell: Freeze
   755 | D:2      | Reached skill level 1 in Fighting
   774 | D:2      | Reached XP level 4. HP: 24/32 MP: 0/0
  1260 | D:2      | Reached XP level 5. HP: 29/37 MP: 0/0
  1260 | D:2      | Learned a level 2 spell: Searing Ray
  1314 | D:2      | Found a blossoming altar of Fedhas.
  2183 | D:3      | Found Qamil's Assorted Antiques.
  2185 | D:3      | Bought a blackened glass ring for 105 gold pieces
  2412 | D:3      | Found a faded altar of an unknown god.
  2759 | D:4      | Found a staircase to the Ecumenical Temple.
  2766 | Temple   | Entered the Ecumenical Temple
  3001 | Temple   | Became a worshipper of Warmaster Okawaru
  3027 | D:4      | Reached XP level 6. HP: 41/43 MP: 0/0
  3103 | D:4      | Found a shadowy altar of Dithmenos.
  3495 | D:4      | Reached XP level 7. HP: 42/49 MP: 0/0
  3495 | D:4      | Learned a level 2 spell: Wereblood
  4240 | D:5      | Entered Level 5 of the Dungeon
  4243 | D:5      | Noticed Blork the orc
  4250 | D:5      | Killed Blork the orc
  4250 | D:5      | Reached * piety under Okawaru
  4373 | D:5      | Found Kuongen's Armour Emporium.
  4515 | D:5      | Noticed a water moccasin
  4524 | D:5      | HP: 2/49 [ogre/+0 giant club (13)]
  4529 | D:5      | Slain by a water moccasin

Illustrated notes

Levels and vault maps discovered:
D:1:      lightli_molten_gateway, layout_rooms
D:2:      minmay_razor_zed, layout_basic, basic_altar
D:3:      layout_basic, serial_shops, shop, chequers_ecumenical_altar_twisty
D:4:      layout_layer_cave, nicolae_dithmenos_the_darkroom,
          minmay_temple_entry_arrows
D:5:      layout_basic, bloody_trog, amcnicky_altar_gilded, zin_treasury,
          mainiacjoe_overflow_alcove_2, serial_shops, kennysheep_mini,
          uniq_blork_the_orc
Temple:   nicolae_temple_superstar

Skill      XL: |  1  2  3  4  5  6  7 |
---------------+----------------------+-----
Stealth        | 2 3 |  3.5
Fighting       | 1 2 |  2.9
Dodging        | 3 4 |  4.3
Spellcasting   | 3 4 |  4.1

Action                     |  1- 3 |  4- 6 |  7- 9 || total
---------------------------+-------+-------+-------++-------
  Melee: Spear             |       |     3 |       ||     3
   Cast: Magic Dart        |    76 |    79 |    26 ||   181
         Call Imp          |     5 |     9 |       ||    14
         Searing Ray       |       |    33 |    11 ||    44
         Mephitic Cloud    |       |       |     4 ||     4
    Use: Potion            |       |       |     1 ||     1
 Armour: Robe              |     2 |     5 |     1 ||     8
  Dodge: Dodged            |     9 |    43 |    19 ||    71

Table legend: (Time is in decaauts)
 A = Elapsed time spent in this place.
 B = Non-inter-level travel time spent in this place.
 C = Inter-level travel time spent in this place.
 D = Time resting spent in this place.
 E = Time spent auto-exploring this place.
 F = Levels seen in this place.
 G = Mean time per level.
                   A        B        C        D        E       F      G
               +--------+--------+--------+--------+--------+-----+--------+
         Total |   4527 |   4403 |    124 |    152 |   3489 |   6 |  754.5 |
       Dungeon |   4280 |   4156 |    124 |    152 |   3409 |   5 |  856.0 |
        Temple |    246 |    246 |      0 |      0 |     80 |   1 |  246.0 |
               +--------+--------+--------+--------+--------+-----+--------+

Top non-repeatable levels by time:
     D:2: 1519 daAuts
     D:4: 1248 daAuts
     D:1: 662 daAuts
     D:3: 561 daAuts
     D:5: 288 daAuts
  Temple: 246 daAuts
